 Dungeon Crawl Stone Soup version 0.30-a0-760-g5a9884bb7c (webtiles) character file.

Game seed: 2298847422484849606

169 mopl the Sneak (level 5, -1/26 HPs)
             Began as a Vine Stalker Brigand on Feb 10, 2023.
             Was an Initiate of Kikubaaqudgha.
             Slain by a gnoll
             ... wielding a +0 halberd
              (8 damage)
             ... on level 4 of the Dungeon.
             The game lasted 00:02:58 (2668 turns).

mopl the Sneak (Vine Stalker Brigand)               Turns: 2668, Time: 00:02:58

Health: -1/26      AC:  7    Str: 13    XL:     5   Next: 50%
Magic:  0/6        EV: 11    Int: 11    God:    Kikubaaqudgha [......]
Gold:   190        SH:  0    Dex: 18    Spells: 4/4 levels left

rFire   . . .      SeeInvis .    a - +2 dagger
rCold   . . .      Faith    .    (no shield)
rNeg    . . .      Spirit   +    b - +0 robe
rPois   .          Reflect  .    (no helmet)
rElec   .          Harm     .    c - +0 cloak
rCorr   .          Rampage  .    (no gloves)
Will    .....                    (no boots)
Stlth   ++++                     m - amulet of magic regeneration
HPRegen 1.04/turn                h - +4 ring of protection
MPRegen 0.50/turn                (no ring)

@: no status effects
A: fangs 2, regeneration 1, magic shield, antimagic bite, no potion heal 2
a: Renounce Religion


You were on level 4 of the Dungeon.
You worshipped Kikubaaqudgha.
Kikubaaqudgha was noncommittal.
You visited 1 branch of the dungeon, and saw 4 of its levels.

You collected 190 gold pieces.

Inventory:

Hand Weapons
 a - a +2 dagger (weapon)
Missiles
 d - 9 poisoned darts (quivered)
 e - 3 curare-tipped darts
 j - 2 throwing nets
Armour
 b - a +0 robe (worn)
 c - a +0 cloak (worn)
Jewellery
 h - a +4 ring of protection (left hand)
 m - an amulet of magic regeneration (around neck)
Scrolls
 f - 2 scrolls of noise {unknown}
 i - 7 scrolls of identify {unknown}
 k - 3 scrolls of teleportation {unknown}
 o - a scroll of amnesia {unknown}
 p - a scroll of fear {unknown}
Potions
 g - a potion of mutation {unknown}
 l - 2 potions of degeneration {unknown}
 n - a potion of lignification {unknown}


   Skills:
 + Level 1.9 Fighting
 + Level 2.6 Short Blades
 + Level 2.1 Throwing
 - Level 0.7 Dodging
 + Level 7.5 Stealth
 + Level 0.3 Necromancy


You had 4 spell levels left.
You didn't know any spells.
Your spell library was empty.

Dungeon Overview and Level Annotations

Branches:
Dungeon (4/15)
 Temple: D:4-7

Altars:
Dithmenos
Elyvilon
Kikubaaqudgha
Trog
Zin


Innate Abilities, Weirdness & Mutations

You have extremely sharp teeth.
Your natural rate of healing is unusually fast.
When hurt, damage is shared between your health and your magic reserves.
Your bite disrupts and absorbs the magic of your enemies.
Potions cannot restore your health.


Message History

You feel invigorated.
The gnoll is severely wounded.
The gnoll hits you from afar with a +0 halberd.
The gnoll closely misses you.
You hit the gnoll. You bite the gnoll, but do no damage.
The gnoll is almost dead.
The gnoll hits you with a +0 club.
The gnoll hits you from afar with a +0 halberd!
You are too injured to fight recklessly!
You are too injured to fight recklessly!
You are too injured to fight recklessly!
You are too injured to fight recklessly!
You are too injured to fight recklessly!
You are too injured to fight recklessly!
You are too injured to fight recklessly!
You are too injured to fight recklessly!
You are too injured to fight recklessly!
You are too injured to fight recklessly!
You are too injured to fight recklessly!
You are too injured to fight recklessly!
You are too injured to fight recklessly!
You are too injured to fight recklessly!
You hit the gnoll.
You kill the gnoll!
Kikubaaqudgha accepts your kill.
The gnoll hits you from afar with a +0 halberd.
The gnoll closely misses you.
You see here a +0 whip.
You hit the gnoll. Your bite misses the gnoll.
The gnoll is moderately wounded.
The gnoll hits you with a +0 halberd!
* * * LOW HITPOINT WARNING * * *
You hit the gnoll. Your bite misses the gnoll.
The gnoll is heavily wounded.
The gnoll hits you but does no damage.
You barely miss the gnoll.
The gnoll is heavily wounded.
The gnoll hits you with a +0 halberd!
You die...
Kikubaaqudgha rasps: "You have failed me!
Welcome... death!"

#...... #..... #....#
. #....###..
.#+####......... ##
#.....#....... .##
#.....#.g..# ..#
#.....#.@..# ..#
#.....#..).#
.########.....#....#
.##.....#.....#....+
.##.....#.....'....#
.##.....'.....#....#
.#####'##.....#....#
.##.....#.....#....!..
........#.....#.......


You could see a gnoll.

Vanquished Creatures
  A hound (D:3)
  2 gnolls (D:4)
  4 adders
  2 worms (D:2)
  4 dart slugs
  2 orcs (D:3)
  8 bats
  6 endoplasms
  3 giant cockroaches
  3 goblins
  3 hobgoblins (D:3)
  4 jackals
  5 quokkas
  6 ball pythons
  6 frilled lizards
  4 kobolds
  8 rats
71 creatures vanquished.

Notes
Turn   | Place    | Note
-------+----------+-------------------------------------------
     0 | D:1      | mopl the Vine Stalker Brigand began the quest for the Orb.
     0 | D:1      | Reached XP level 1. HP: 11/11 MP: 2/2
    19 | D:1      | Reached skill level 5 in Stealth
   123 | D:1      | Reached XP level 2. HP: 13/15 MP: 3/3
   179 | D:1      | You fall into a shaft and drop 1 floor!
   197 | D:2      | Reached skill level 2 in Short Blades
   197 | D:2      | Reached XP level 3. HP: 18/18 MP: 4/4
   377 | D:1      | Reached skill level 6 in Stealth
  1191 | D:2      | Gained mutation: Your natural rate of healing is unusually
                  | fast. [Vine Stalker growth]
  1191 | D:2      | Reached XP level 4. HP: 23/23 MP: 5/5
  1872 | D:3      | Reached skill level 7 in Stealth
  1942 | D:3      | Reached XP level 5. HP: 22/26 MP: 6/6
  2127 | D:3      | Found an ancient bone altar of Kikubaaqudgha.
  2128 | D:3      | Found a glowing silver altar of Zin.
  2129 | D:3      | Found a white marble altar of Elyvilon.
  2129 | D:3      | Found a shadowy altar of Dithmenos.
  2135 | D:3      | Became a worshipper of Kikubaaqudgha
  2171 | D:3      | Reached skill level 2 in Throwing
  2429 | D:3      | Found a bloodstained altar of Trog.
  2668 | D:4      | Slain by a gnoll

Illustrated notes

Levels and vault maps discovered:
D:1:      lightli_arrival_boilingwater, layout_basic
D:2:      layout_basic, grunt_ministairs_1, nrook_campfire
D:3:      layout_basic, mainiacjoe_overflow_alcove_3, trog_butcher_becter,
          minmay_ruptured
D:4:      layout_gridville, mainiacjoe_overflow_surrounded_room

Skill      XL: |  1  2  3  4  5 |
---------------+----------------+-----
Stealth        | 5 6 7 |  7.5
Short Blades   | 2 |  2.6
Throwing       | 2 |  2.1
Fighting       | |  1.9
Dodging        | |  0.7
Necromancy     | |  0.3

Action                     |  1- 3 |  4- 6 || total
---------------------------+-------+-------++-------
  Melee: Dagger            |    81 |    79 ||   160
         Bite              |     9 |    14 ||    23
   Stab: Sleeping          |    15 |    13 ||    28
 Armour: Robe              |    27 |    16 ||    43
  Dodge: Dodged            |    44 |    35 ||    79

Table legend: (Time is in decaauts)
 A = Elapsed time spent in this place.
 B = Non-inter-level travel time spent in this place.
 C = Inter-level travel time spent in this place.
 D = Time resting spent in this place.
 E = Time spent auto-exploring this place.
 F = Levels seen in this place.
 G = Mean time per level.
                   A        B        C        D        E       F      G
               +--------+--------+--------+--------+--------+-----+--------+
         Total |   2657 |   2549 |    108 |      0 |   2062 |   4 |  664.2 |
       Dungeon |   2657 |   2549 |    108 |      0 |   2062 |   4 |  664.2 |
               +--------+--------+--------+--------+--------+-----+--------+

Top non-repeatable levels by time:
     D:3: 1005 daAuts
     D:2: 778 daAuts
     D:1: 754 daAuts
     D:4: 118 daAuts
